 Dungeon Crawl Stone Soup version 0.29-a0-757-g358383bc75 (webtiles) character file.

Game seed: 10593562469259674515

28 DuloT34 the Sneak (level 3, 0/19 HPs)
             Began as a Vine Stalker Brigand on June 30, 2022.
             Slain by Jessica
             ... wielding a +0 dagger
              (3 damage)
             ... on level 2 of the Dungeon.
             The game lasted 00:01:52 (816 turns).

DuloT34 the Sneak (Vine Stalker Brigand)             Turns: 816, Time: 00:01:53

Health: 0/19       AC:  3    Str: 15    XL:     3   Next: 12%
Magic:  0/4        EV: 11    Int: 17    God:
Gold:   65         SH:  0    Dex: 15    Spells: 2/2 levels left

rFire   . . .      SeeInvis .   a - +2 dagger
rCold   . . .      Faith    .   (no shield)
rNeg    . . .      Spirit   +   b - +0 robe
rPois   .          Reflect  .   (no helmet)
rElec   .          Harm     .   c - +0 cloak
rCorr   .          Rampage  .   (no gloves)
Will    .....                   (no boots)
Stlth   +++.......              (no amulet)
HPRegen 0.06/turn               i - +6 ring of intelligence
MPRegen 0.09/turn               (no ring)

@: about to teleport
A: fangs 2, magic shield, antimagic bite, no potion heal 2
a: no special abilities


You were on level 2 of the Dungeon.
You visited 1 branch of the dungeon, and saw 2 of its levels.

You collected 65 gold pieces.

Inventory:

Hand Weapons
 a - a +2 dagger (weapon)
Missiles
 d - 9 poisoned darts (quivered)
 e - 3 curare-tipped darts
 f - 2 javelins
Armour
 b - a +0 robe (worn)
 c - a +0 cloak (worn)
Jewellery
 i - a +6 ring of intelligence (left hand)
Scrolls
 g - 3 scrolls of teleportation
 h - a scroll of enchant weapon {unknown}
Potions
 j - a potion of curing {unknown}
 k - 2 potions of attraction {unknown}
 l - a potion of lignification {unknown}
 m - a potion of flight {unknown}
 n - a potion of cancellation {unknown}


   Skills:
 + Level 2.5 Fighting
 + Level 2.5 Short Blades
 - Level 1.7 Throwing
 - Level 0.7 Dodging
 - Level 4.8 Stealth


You had 2 spell levels left.
You didn't know any spells.
Your spell library was empty.

Dungeon Overview and Level Annotations

Branches:
Dungeon (2/15)

Altars:

Shops:
D:1 (

Annotations:
D:2 Jessica, Natasha


Innate Abilities, Weirdness & Mutations

You have extremely sharp teeth.
When hurt, damage is shared between your health and your magic reserves.
Your bite disrupts and absorbs the magic of your enemies.
Potions cannot restore your health.


Message History

The hobgoblin hits you.
You closely miss the hobgoblin. The hobgoblin hits you.
You hit the hobgoblin.
You bite the hobgoblin, but do no damage.
The hobgoblin is severely wounded.
Jessica the Apprentice Sorceress comes into view.
She is wielding a +0 dagger.
The hobgoblin hits you.
You hit the hobgoblin.
You kill the hobgoblin!
Jessica gestures wildly while chanting.
Jessica seems to speed up.
You hear an angry hiss.
You don't know any spells.
Hit: a) +2 dagger
Press: ? - help, Dir - move target, f - you
Okay, then.
Sorry, you're not good enough to have a special ability.
Unknown command.
Jessica barely misses you. Jessica misses you.
You hit Jessica.
Jessica is moderately wounded.
Jessica hits you with a +0 dagger.
You are too injured to fight recklessly!
You are too injured to fight recklessly!
You hit Jessica.
Jessica is heavily wounded.
Jessica hits you with a +0 dagger.
* * * LOW HITPOINT WARNING * * *
Natasha, Servant of Life and Death comes into view.
You hit Jessica.
Jessica is heavily wounded.
Jessica closely misses you. x2
You closely miss Jessica.
Jessica is heavily wounded.
Jessica hits you with a +0 dagger.
* * * LOW HITPOINT WARNING * * *
As you read the scroll labelled CUNUGE NUHI, it crumbles to dust.
You feel strangely unstable.
It was a scroll of teleportation.
Jessica hits you with a +0 dagger.
You die...

#( #. #.. #.#.# #
#.#.#
##.#.#.###########
#....#..†........#.#
#......?..h.....#
#.#......@@.#.#
#.#.#.#####.#
########.#.#.# #
.....<.....#.#
#.####.....#.#
#.....#.# #.....#.#
#.#+#.#.# #.# #.#


You could see Natasha and Jessica (fast).

Vanquished Creatures
  A dart slug (D:1)
  3 endoplasms (D:1)
  A giant cockroach (D:1)
  A goblin (D:1)
  3 hobgoblins
  2 quokkas (D:1)
  3 ball pythons (D:1)
  2 frilled lizards (D:1)
  2 kobolds (D:1)
  6 rats
24 creatures vanquished.

Notes
Turn   | Place    | Note
-------+----------+-------------------------------------------
     0 | D:1      | DuloT34 the Vine Stalker Brigand began the quest for the
                  | Orb.
     0 | D:1      | Reached XP level 1. HP: 11/11 MP: 2/2
    10 | D:1      | Found Kizxajie's Weapon Emporium.
    99 | D:1      | Reached XP level 2. HP: 15/15 MP: 3/3
   687 | D:1      | Reached XP level 3. HP: 19/19 MP: 4/4
   808 | D:2      | Noticed Jessica
   813 | D:2      | Noticed Natasha
   816 | D:2      | Slain by Jessica

Illustrated notes

Levels and vault maps discovered:
D:1:      scummos_arrival_simple_crosswalls, layout_basic, serial_shops,
          nicolae_shop_bloodbath_and_beyond, minmay_unequal
D:2:      layout_basic, ebering_ecumenical_altar_abandoned, serial_shops, shop,
          uniq_robin, uniq_jessica, uniq_natasha

Skill      XL: |  1 |
---------------+----+-----
Fighting       | 2 |  2.5
Short Blades   | 2 |  2.5
Throwing       | |  1.7
Dodging        | |  0.7
Stealth        | |  4.8

Action                   || total
-------------------------++-------
Melee: Dagger            ||    44
       Bite              ||     5
       Punch             ||     1
Throw: Dart              ||     1
  Use: Scroll            ||     1
 Stab: Sleeping          ||    14
Armor: Robe              ||     3
Dodge: Dodged            ||    17

Table legend: (Time is in decaauts)
 A = Elapsed time spent in this place.
 B = Non-inter-level travel time spent in this place.
 C = Inter-level travel time spent in this place.
 D = Time resting spent in this place.
 E = Time spent auto-exploring this place.
 F = Levels seen in this place.
 G = Mean time per level.
                   A        B        C        D        E       F      G
               +--------+--------+--------+--------+--------+-----+--------+
         Total |    810 |    785 |     25 |      0 |    633 |   2 |  405.0 |
       Dungeon |    810 |    785 |     25 |      0 |    633 |   2 |  405.0 |
               +--------+--------+--------+--------+--------+-----+--------+

Top non-repeatable levels by time:
     D:1: 786 daAuts
     D:2: 24 daAuts
